 Dungeon Crawl Stone Soup version 0.23.2-1-ga50397a6bc (webtiles) character file.

Game seed: 12359858183280466813

4462 Foic the Grappler (level 10, -3/98 HPs)
             Began as a Troll Fighter on May 30, 2019.
             Was a Priest of Yredelemnul.
             Killed from afar by Erica (7 damage)
             ... with a bolt of poison
             ... on level 8 of the Dungeon.
             The game lasted 00:34:12 (7090 turns).

Foic the Grappler (Troll Fighter)                   Turns: 7090, Time: 00:34:13

Health: -3/98      AC:  6    Str: 25 (27) XL:     10   Next: 15%
Magic:  11/11      EV: 10    Int:  3 (4)  God:    Yredelemnul [***...]
Gold:   344        SH:  9    Dex:  8 (11) Spells: 10/12 levels left

rFire    + + .     SeeInvis .     - Unarmed
rCold    + . .     Gourm    +   b - +0 shield
rNeg     . . .     Faith    .   a - +0 robe
rPois    +         Spirit   .   (helmet restricted)
rElec    +         Reflect  .   (no cloak)
rCorr    +         Harm     .   (gloves unavailable)
MR       .....                  (boots unavailable)
Stlth    +.........             B - amulet of magic regeneration
HPRegen  0.66/turn              e - ring of protection from fire
MPRegen  0.37/turn              s - ring of wizardry

@: lethally poisoned (-3 -> -5), resistant, flying, very slightly contaminated,
invisible
A: large, unfitting armour, claws 3, fast metabolism 3, gourmand, regeneration
1, shaggy fur 1, tough skin 3
a: Recall Undead Slaves, Injury Mirror, Animate Dead, Renounce Religion


You were on level 8 of the Dungeon.
You worshipped Yredelemnul.
Yredelemnul was most pleased with you.
You were very full.

You visited 2 branches of the dungeon, and saw 9 of its levels.

You collected 344 gold pieces.

Inventory:

Missiles
 f - 191 stones (quivered)
Armour
 a - a +0 robe (worn)
 b - a +0 shield (worn)
Magical Staves
 A - an uncursed staff of power
Jewellery
 e - a ring of protection from fire (left claw)
 h - an uncursed ring of fire
 s - a ring of wizardry (right claw)
 B - an amulet of magic regeneration (around neck)
 C - an uncursed ring of ice
 G - an uncursed ring of protection from cold
Wands
 t - a wand of disintegration (15)
 H - a wand of iceblast (5)
Scrolls
 g - 2 scrolls of amnesia
 i - 5 scrolls of identify
 j - 5 scrolls of teleportation {unknown}
 l - a scroll of enchant armour {unknown}
 n - 4 scrolls of remove curse {unknown}
 v - 3 scrolls of magic mapping {unknown}
 w - a scroll of enchant weapon {unknown}
 x - 3 scrolls of fear {unknown}
 y - 2 scrolls of immolation {unknown}
Potions
 c - 2 potions of might
 k - 3 potions of lignification
 m - 3 potions of haste
 q - a potion of curing
 r - 2 potions of degeneration
 E - a potion of brilliance {unknown}
Comestibles
 d - 18 rations
 F - 11 chunks of flesh


   Skills:
 * Level 5.9 Fighting
 * Level 6.6 Dodging
 + Level 0.8 Stealth
 + Level 4.6 Shields
 + Level 8.4 Unarmed Combat
 + Level 1.5 Spellcasting
 + Level 1.9 Hexes
 + Level 3.1 Invocations


You had 10 spell levels left.
You knew the following spells:

 Your Spells              Type           Power        Failure   Level  Hunger
a - Confusing Touch       Hex            #.....       24%         1    ##.....
b - Infusion              Chrm           #...         45%         1    ##.....

Your spell library contained the following spells:

 Spells                   Type           Power        Failure   Level  Hunger
 Animate Skeleton         Necr           N/A          45%         1    ##.....
 Apportation              Tloc           #.....       45%         1    ##.....
 Summon Small Mammal      Summ           #...         45%         1    ##.....
 Shroud of Golubria       Chrm/Tloc      #.........   58%         2    ###....
 Song of Slaying          Chrm           #.......     58%         2    ###....
 Spectral Weapon          Hex/Chrm       #.......     69%         3    ####...
 Regeneration             Chrm/Necr      #.........   82%         3    ####...


Dungeon Overview and Level Annotations

Branches:
Dungeon (8/15)             Temple (1/1) D:4
   Lair: D:8-11

Altars:
Ashenzari
Cheibriados
Dithmenos
Elyvilon
Fedhas
Gozag
Hepliaklqana
Kikubaaqudgha
Makhleb
Nemelex Xobeh
Okawaru
Qazlal
Ru
Sif Muna
Trog
Uskayaw
Vehumet
Wu Jian
Xom
Yredelemnul
Zin
The Shining One

Shops:
D:8 [

Annotations:
D:4 2 transporters, LemonRage's ghost, novice NaWr
D:7 1 runed translucent door → angel
D:8 Erica


Innate Abilities, Weirdness & Mutations

You are too large for most types of armour.
You have claws for hands.
Your metabolism is lightning-fast.
You like to eat raw meat.
Your natural rate of healing is unusually fast.
You are covered in fur. (AC +1)
You have extremely tough skin. (AC +3)


Message History

You closely miss something. Something hits you!
* * * LOW HITPOINT WARNING * * *
Something burns you.
* * * LOW HITPOINT WARNING * * *
It was a potion of flight.
You feel very buoyant.
You fly up into the air.
Something hits you!
* * * LOW HITPOINT WARNING * * *
It was a potion of magic.
Magic courses through your body.
You feel less confused.
You swap places.
You hear some strange, mumbled words.
A bolt of poison appears from out of thin air!
The bolt of poison hits Grum.
Grum completely resists.
The bolt of poison hits you!
You are poisoned.
You resist.
You die...
Your body rises from the dead as a mindless zombie.

#####################
........).....{Z@ZZ.#
###################.#
#.# #######.#
........####
.........Z>#
#.......##.#
.........##.#
.........##.#


You could see a friendly gnoll skeleton, a friendly orc skeleton and the
friendly Grum the gnoll skeleton.

Vanquished Creatures
  Joseph (D:7)
  Sigmund (D:6)
  Prince Ribbit (D:5)
  Grum (D:8)
  An ice beast (D:4)
  2 sky beasts
  An orc warrior (D:8)
  A black bear (D:6)
  An eye of draining (D:8)
  4 ogres
  2 wolves (D:8)
  A necrophage (D:6)
  3 centaurs
  4 bullfrogs
  11 killer bees (D:7)
  5 wights
  A howler monkey (D:7)
  6 crimson imps
  4 hounds
  6 orc priests
  A bullfrog skeleton (D:6)
  3 iguanas
  6 orc wizards
  9 worker ants
  A hound skeleton (D:5)
  A worker ant zombie (D:5)
  Robin (D:3)
  2 gnolls (D:8)
  7 adders
  2 shadow imps
  2 oozes
  2 worms
  A dart slug (D:2)
  6 leopard geckos
  24 orcs
  7 giant cockroaches
  19 goblins
  9 hobgoblins
  7 jackals
  9 kobolds
  2 quokkas
  2 ball pythons
  5 bats
  9 frilled lizards
  A jackal skeleton (D:8)
  A leopard gecko skeleton (D:5)
  A leopard gecko zombie (D:7)
  8 rats
205 creatures vanquished.

Vanquished Creatures (collateral kills)
  An ice beast (D:8)
  An ogre (D:7)
  A killer bee (D:7)
  A centaur skeleton (D:5)
  An iguana (D:7)
  A gnoll (D:8)
  An orc (D:7)
  2 jackals (D:7)
  A quokka (D:6)
10 creatures vanquished.

Vanquished Creatures (others)
  An elf skeleton (D:7)
  A wolf skeleton (D:8)
  2 bullfrog skeletons (D:8)
  3 killer bee zombies (D:7)
  An ogre skeleton (D:7)
  An iguana skeleton (D:8)
  2 gnoll skeletons (D:8)
  A jackal skeleton (D:8)
  A leopard gecko skeleton (D:5)
  6 orc skeletons
  A quokka skeleton (D:6)
20 creatures vanquished.

Grand Total: 235 creatures vanquished

Notes
Turn   | Place    | Note
-------+----------+-------------------------------------------
     0 | D:1      | Foic the Troll Fighter began the quest for the Orb.
     0 | D:1      | Reached XP level 1. HP: 22/22 MP: 0/0
   126 | D:1      | Reached XP level 2. HP: 29/29 MP: 1/1
   420 | D:1      | Reached XP level 3. HP: 36/36 MP: 2/2
  1088 | D:2      | Reached XP level 4. HP: 44/44 MP: 3/3
  1332 | D:3      | Found a blossoming altar of Fedhas.
  1453 | D:3      | Reached skill level 3 in Unarmed Combat
  1491 | D:3      | Noticed Robin
  1554 | D:3      | Killed Robin
  1554 | D:3      | Reached XP level 5. HP: 25/53 MP: 4/4
  1637 | D:3      | Learned a level 1 spell: Confusing Touch
  1926 | D:4      | Found a staircase to the Ecumenical Temple.
  1931 | Temple   | Entered the Ecumenical Temple
  2039 | Temple   | Became a worshipper of Yredelemnul the Dark
  2279 | D:4      | Reached XP level 6. HP: 19/61 MP: 5/5
  2362 | D:4      | Found a transporter.
  2362 | D:4      | Noticed LemonRage's ghost (novice NaWr)
  2395 | D:4      | Reached skill level 4 in Unarmed Combat
  2466 | D:4      | Found a transporter.
  2579 | D:4      | Noticed a water elemental
  2580 | D:4      | Found a stormy altar of Qazlal.
  2582 | D:4      | Noticed an air elemental
  2582 | D:4      | Noticed a fire elemental
  2814 | D:4      | Reached XP level 7. HP: 64/67 MP: 4/6
  2974 | D:5      | Entered Level 5 of the Dungeon
  3035 | D:4      | Reached skill level 5 in Unarmed Combat
  3120 | D:5      | Reached * piety under Yredelemnul
  3355 | D:5      | Found an iron altar of Okawaru.
  3521 | D:5      | Reached XP level 8. HP: 73/78 MP: 6/8
  3591 | D:5      | Learned a level 1 spell: Infusion
  3662 | D:5      | Noticed Prince Ribbit
  3679 | D:5      | Killed Prince Ribbit
  3679 | D:5      | Reached skill level 5 in Dodging
  3694 | D:5      | Reached skill level 6 in Unarmed Combat
  3694 | D:5      | Reached skill level 1 in Spellcasting
  4274 | D:6      | Reached skill level 1 in Hexes
  4341 | D:6      | Reached ** piety under Yredelemnul
  4390 | D:6      | Noticed Sigmund
  4399 | D:6      | Killed Sigmund
  4399 | D:6      | Reached skill level 1 in Invocations
  4399 | D:6      | Reached XP level 9. HP: 82/87 MP: 9/9
  4766 | D:6      | Reached skill level 5 in Fighting
  4982 | D:7      | Reached skill level 7 in Unarmed Combat
  5209 | D:7      | Noticed Joseph
  5231 | D:7      | Killed Joseph
  5544 | D:7      | Found a glowing golden altar of the Shining One.
  5544 | D:7      | Noticed an angel
  5545 | D:7      | Found a runed translucent door.
  5667 | D:7      | Reached *** piety under Yredelemnul
  5702 | D:7      | Reached skill level 8 in Unarmed Combat
  6601 | D:8      | Found Rurcheoc's Armour Shop.
  6602 | D:8      | Noticed Grum
  6617 | D:8      | Reached XP level 10. HP: 44/98 MP: 11/11
  6622 | D:8      | Killed Grum
  6943 | D:8      | Found a shadowy altar of Dithmenos.
  7017 | D:8      | Noticed Erica
  7088 | D:8      | HP: 3/98 [something (8)]
  7090 | D:8      | Killed from afar by Erica

Skill      XL: |  1  2  3  4  5  6  7  8  9 |
---------------+----------------------------+-----
Dodging        | 3 4 5 6 |  6.6
Fighting       | 3 4 5 |  5.9
Unarmed Combat | 3 4 5 6 8 |  8.4
Shields        | 3 4 |  4.6
Spellcasting   | 1 |  1.5
Hexes          | 1 |  1.9
Invocations    | 1 3 |  3.1
Stealth        | |  0.8

Action                   |  1- 3 |  4- 6 |  7- 9 | 10-12 || total
-------------------------+-------+-------+-------+-------++-------
Melee: Unarmed           |   122 |   172 |   328 |    58 ||   680
 Cast: Confusing Touch   |       |     4 |     6 |     2 ||    12
       Infusion          |       |       |     1 |       ||     1
Invok: Animate Remains   |       |       |    25 |       ||    25
       Animate Dead      |       |       |     4 |     5 ||     9
  Use: Scroll            |       |     3 |     2 |     1 ||     6
       Potion            |       |       |     1 |     8 ||     9
 Stab: Sleeping          |     1 |       |       |       ||     1
       Confused          |       |       |     5 |     1 ||     6
       Distracted        |       |       |       |     1 ||     1
  Eat: Chunk             |    16 |    16 |    43 |     7 ||    82
Armor: Robe              |    27 |    55 |    50 |     5 ||   137
       Skin              |       |       |    31 |       ||    31
Dodge: Dodged            |    35 |    44 |   112 |    12 ||   203
Block: Shield            |    47 |    65 |   145 |    23 ||   280
